 BcadrenCrawl: Boulder Brew version 0.04-10-g8a6d0ff729 (webtiles) character file.

Game seed: 16726992591948786339, levelgen mode: deterministic

977 Chiseanne the Ducker (level 8, -20/58 HPs) Goblin Demonspawn. Began on Mar 26, 2021. Demolished by a two-headed ogre ... wielding a +0 giant club (21 damage) ... on level 3 of the Dungeon. The game lasted 00:07:12 (2094 turns).

Chiseanne the Ducker (Goblin Demonspawn)            Turns: 2094, Time: 00:07:13

Health: -20/58     AC:  7    Str:  8    XL:     8 ^: 582
Magic:  8/8        EV: 13    Int:  6    God:
Gold:   72         SH:  5    Dex:  6    Spells: 8/9 levels left

rFire    . . .     Vision   .   a - +3 long sword (elec)
rCold    + . .     Gourm    .   q - +0 targe
rNeg     . . .     Faith    .   k - +0 ring mail
rPois    .         Spirit   .   l - +0 helmet
rElec    .         Reflect  .   (no cloak)
rCorr    .         Harm     .   (no gloves)
MR       +....                  (no boots)
Stlth    +.........             (no amulet)
HPRegen  0.29/turn              p - ring of protection from magic
MPRegen  0.18/turn              (no ring)

@: no status effects
A: small, stagnant stats, goblin's greed, claws 2, repulsion field 1, cold
resistance 1, low mp 1, mutation resistance 1, freezing cloud immunity, god's
pity 2
a: no special abilities


You were on level 3 of the Dungeon.
You were not hungry.

You visited 1 branch of the dungeon, and saw 3 of its levels.

You collected 60 gold pieces.

Inventory:

Weapons
 a - a +3 long sword of electrocution (weapon)
 w - a +0 fustibalus of velocity Shields
 q - a +0 targe (weapon)
Armour
 k - a +0 ring mail (worn)
 l - a +0 helmet (worn)
Jewellery
 p - a ring of protection from magic (left claw)
Wands
 b - a wand of acid (4)
Scrolls
 h - a scroll of fog
 i - a scroll of amnesia
 o - 3 scrolls of teleportation
Potions
 f - a potion of haste
 g - a potion of agility
 j - 2 potions of curing
 m - a potion of cure mutation
Comestibles
 d - 4 rations
 n - 7 chunks of flesh


   Skills:
 * Level 6.5 Fighting
 - Level 2.6 Long Blades
 * Level 5.0 Armour
 * Level 7.6 Dodging
 - Level 2.6 Stealth
 * Level 2.5 Shields
 - Level 1.3 Spellcasting
 - Level 2.6 Fire Magic
   Level 4.0 Invocations


You had 8 spell levels left.
You knew the following spells:

 Your Spells              Type           Power        Failure   Level  Hunger
a - Flame Tongue          Fire           3 (30)       88%         1    ##.....

Your spell library contained the following spells:

 Spells                   Type           Power        Failure   Level  Hunger
 Conjure Flame            Fire           3 (100)      99%         3    ####...
 Blink                    Tloc           N/A          100%        2    ###....
 Call Imp                 Summ           0 (100)      100%        2    ###....
 Slow                     Hex            0 (100)      100%        2    ###....
 Mephitic Cloud           Pois/Air       0 (100)      100%        3    ####...


Dungeon Overview and Level Annotations

Branches:
Dungeon (3/8)

Altars:
Elyvilon


Innate Abilities, Weirdness & Mutations

Your stats never grow through leveling.
Your goblin ancestry allows you to find more gold. (+20%)
You are small and have problems with some larger weapons.
You have very sharp fingernails. (+4 Unarmed)
You are surrounded by a mild repulsion field. (EV +2)
You are cold resistant. (rC+)
Your magical capacity is low. (-10% MP)
You are somewhat resistant to further mutation.
You are immune to freezing clouds.
The pity of the gods increases the power of your passive and invoked divine abilities.


Message History

Lightning courses through the giant cockroach (4).
You kill the giant cockroach!
The jackal barely misses you (0).
You slash the two-headed ogre (13)!
Lightning courses through the two-headed ogre (5).
You thump the two-headed ogre (8)!
The iguana hisses menacingly.
The two-headed ogre hits you with a +0 giant club (24)!!
The two-headed ogre closely misses you (0).
The two-headed ogre hits you with a +0 giant club (22)!!
* * * LOW HITPOINT WARNING * * *
The two-headed ogre barely misses you (0).
You slash the two-headed ogre (12)!
Lightning courses through the two-headed ogre (6).
You hit the two-headed ogre (2).
The orc priest calls down the wrath of Beogh upon you.
Beogh smites you!
* * * LOW HITPOINT WARNING * * *
The two-headed ogre hits you with a +0 giant club (21)!!
You die...

#.#.# ####.##..............#
#.#.# ###.##.#.######.##..# #.#.#
##.####.#.######.##..# #.#.#
##.%.##.........#.##..# #.#.#
##$%%%.##.#.####..#.#..# #.#.#
##$%J%lO.###.# #..###...# ##.#.#
#.%%o%%%%.##.###...#.#.###
.....#######S#######.............
.###........oJhO@.............<..
.# ###########l##.........#######
.# #.#####.###..# # .# #.#
#.......# # .##### #.# #>.###..#
# .....# #.####..###..# # ####<#
#.. .........# # #.# ### ##..#
#..####### #.# #..###.........


You could see a two-headed ogre, an iguana, a jelly, an orc priest, an adder and
a jackal.

Vanquished Creatures
  2 porcupines (D:3)
  3 big kobolds
  2 jellies (D:2)
  4 iguanas (D:3)
  A worker ant (D:3)
  5 giant cockroaches
  An iron imp (D:3)
  5 adders
  13 sewer rats
  2 worms
  6 cinder newts
  4 oozes
  A dart slug (D:1)
  3 leopard geckos
  An orc (D:3)
  2 adder skeletons (D:2)
  3 ball pythons (D:2)
  A cinder newt skeleton (D:2)
  7 goblins (D:1)
  4 hobgoblins (D:1)
  A quokka (D:3)
  6 bats (D:1)
  2 bat skeletons (D:2)
  20 kobolds
  7 rats (D:1)
  6 withered plants (D:2)
112 creatures vanquished.

Vanquished Creatures (others)
  An adder (D:2)
  A leopard gecko (D:2)
  A ball python (D:2)
  A bat (D:2)
  2 kobolds (D:2)
  A slimehead (D:2)
  134 withered plants (D:2)
141 creatures vanquished.

Grand Total: 253 creatures vanquished

Notes
Turn   | Place    | Note
-------+----------+-------------------------------------------
     0 | D:1      | Chiseanne the Goblin Demonspawn began the quest for the
                  | Orb.
     0 | D:1      | Reached XP level 1. HP: 13/13 MP: 2/2
    24 | D:1      | Gained mutation: You are surrounded by a mild repulsion
                  | field. (EV +2) [demonic ancestry]
    24 | D:1      | Reached XP level 2. HP: 13/20 MP: 3/3
    97 | D:1      | Gained mutation: You have sharp fingernails. (+2 Unarmed)
                  | [demonic ancestry]
    97 | D:1      | Reached XP level 3. HP: 22/25 MP: 4/4
   223 | D:1      | Reached skill level 5 in Dodging
   223 | D:1      | Reached XP level 4. HP: 26/31 MP: 5/5
   508 | D:1      | Reached XP level 5. HP: 37/37 MP: 6/6
   844 | D:2      | Found a white marble altar of Elyvilon.
   914 | D:1      | Reached skill level 1 in Armour
   987 | D:1      | Reached skill level 6 in Dodging
   987 | D:1      | Gained mutation: You are cold resistant. (rC+) [demonic
                  | ancestry]
   987 | D:1      | Reached XP level 6. HP: 30/44 MP: 7/7
  1183 | D:2      | Reached skill level 5 in Fighting
  1218 | D:2      | Gained mutation: You are immune to freezing clouds.
                  | [demonic ancestry]
  1218 | D:2      | Reached XP level 7. HP: 26/50 MP: 8/8
  1490 | D:3      | Reached skill level 7 in Dodging
  1758 | D:3      | Reached skill level 1 in Shields
  1760 | D:3      | Gained mutation: You have very sharp fingernails. (+4
                  | Unarmed) [demonic ancestry]
  1760 | D:3      | Reached XP level 8. HP: 26/57 MP: 8/8
  2010 | D:3      | Reached skill level 5 in Armour
  2086 | D:3      | Noticed a two-headed ogre
  2094 | D:3      | HP: 1/58 [orc priest/divine providence (12)]
  2094 | D:3      | Demolished by a two-headed ogre

Levels and vault maps discovered:
D:1:      evilmike_arrival_crescent, layout_loops_cross, first_ration
D:2:      layout_sewer, basic_altar
D:3:      layout_loops_ring, minitemple, bcadren_nooodl_food_pyramid

Skill      XL: |  1  2  3  4  5  6  7  8 |
---------------+-------------------------+-----
Fighting       | 2 3 4 5 6 |  6.5
Dodging        | 5 6 7 |  7.6
Armour         | 2 3 4 5 |  5.0
Shields        | 1 2 |  2.5
Long Blades    | |  2.6
Stealth        | |  2.6
Spellcasting   | |  1.3
Fire Magic     | |  2.6
Invocations    | |  4.0

Action                   |  1- 3 |  4- 6 |  7- 9 || total
-------------------------+-------+-------+-------++-------
Melee: Long sword        |    55 |   112 |    91 ||   258
       Unarmed           |    14 |       |       ||    14
       Dagger            |    30 |     2 |       ||    32
       Short sword       |       |    89 |    31 ||   120
       Targe             |       |       |    46 ||    46
 Fire: Fustibalus        |       |    28 |       ||    28
  Use: Potion            |       |       |     3 ||     3
       Scroll            |       |       |     4 ||     4
 Stab: Sleeping          |     1 |       |       ||     1
  Eat: Chunk             |       |     3 |     3 ||     6
Armor: Leather armour    |    26 |    13 |       ||    39
       Ring mail         |       |    24 |    41 ||    65
Dodge: Dodged            |   124 |   267 |   143 ||   534
Block: Targe             |       |       |    24 ||    24
       Rpst.: Long sword |    35 |   101 |    44 ||   180
